 Dungeon Crawl Stone Soup version 0.19-a0-1672-g679cadd (webtiles) character file.

17292 Alarkh the Carver (level 12, -22/86 HPs)
             Began as a Mummy Necromancer on Sept 22, 2016.
             Was a High Priest of Okawaru.
             Killed from afar by a minotaur (23 damage)
             ... with a rod of lightning
             ... in a labyrinth.
             The game lasted 00:41:10 (17871 turns).

Alarkh the Carver (Mummy Necromancer)              Turns: 17871, Time: 00:41:12

Health: -22/86     AC: 20    Str: 12    XL:     12   Next: 17%
Magic:  9/21       EV: 10    Int: 19    God:    Okawaru [*****.]
Gold:   560        SH:  0    Dex: 12    Spells: 4 memorised, 11 levels left

rFire  + . .     SeeInvis .     a - +2 scimitar (flame)
rCold  + . .     Gourm    .     F - +6 scale mail of Valiance {rF++ rC- Regen+ rCorr}
rNeg   + + +     Faith    .     (no shield)
rPois  ∞         Spirit   .     m - +0 helmet
rElec  .         Dismiss  .     z - +2 cloak {rPois}
rCorr  +         Reflect  .     y - +2 pair of gloves {archery}
MR     +....     Harm     .     (no boots)
Stlth  +.........               Q - amulet of regeneration
                                S - ring of protection from cold
                                q - ring of stealth

@: very slightly contaminated
A: no food or potions, fire vulnerability, cold resistance 1, negative energy
resistance 3, torment resistance, unbreathing
a: Heroism, Finesse, Renounce Religion


You were in a labyrinth.
You worshipped Okawaru.
Okawaru was extremely pleased with you.
You were not hungry.

You visited 4 branches of the dungeon, and saw 14 of its levels.
You also visited: Labyrinth.

You collected 965 gold pieces.
You spent 405 gold pieces at shops.

Inventory:

Hand Weapons
 a - a +2 scimitar of flaming (weapon)
 f - a +0 dagger
 o - the +8 whip of the Pyrrhic Victory {slash, Int+2}
   (You found it on level 5 of the Dungeon)

   It inflicts extra damage upon your enemies.
   It affects your intelligence (+2).
 w - a -3 scimitar
 B - a +0 dagger of venom
 C - a +2 short sword of speed
 D - a +0 falchion
 J - a +0 long sword
 K - a +1 lajatang of electrocution
Missiles
 j - 2 throwing nets (quivered)
Armour
 k - a +0 robe
 m - a +0 helmet (worn)
 p - a +3 ring mail of fire resistance
 x - a +2 robe of magic resistance
 y - a +2 pair of gloves of archery (worn)
 z - a +2 cloak of poison resistance (worn)
 A - a +0 shield
 F - the +6 scale mail of Valiance (worn) {rF++ rC- Regen+ rCorr}
   (You bought it in a shop on level 1 of the Orcish Mines)

   It greatly protects you from fire.
   It makes you vulnerable to cold.
   It increases your rate of regeneration.
   It protects you from acid and corrosion.
Magical Staves
 b - an uncursed staff of death
Jewellery
 q - a ring of stealth (left hand)
 r - an uncursed ring of wizardry
 s - an uncursed ring of stealth
 Q - an amulet of regeneration (around neck)
 S - a ring of protection from cold (right hand)
Wands
 t - a wand of lightning (0/15)
 v - a wand of enslavement (10/24)
 L - a wand of iceblast (7/15)
 M - a wand of acid (9/15)
 P - a wand of disintegration (8/24)
 R - a wand of paralysis (7/24)
Scrolls
 c - 2 scrolls of blinking
 d - a scroll of vulnerability
 e - a scroll of identify
 g - 7 scrolls of remove curse
 i - 6 scrolls of fear
 n - 4 scrolls of amnesia
 u - 2 scrolls of fog
 G - 2 scrolls of teleportation
 H - a scroll of brand weapon {unknown}
 I - 2 scrolls of magic mapping
 O - a scroll of random uselessness {unknown}
Books
 h - a book of the Dragon

   Spells                             Type                      Level
   a - Flame Tongue                   Conjuration/Fire             1
   b - Cause Fear                     Hexes                        4
   c - Bolt of Fire                   Conjuration/Fire             6
   d - Dragon Form                    Transmutation                7
   e - Dragon's Call                  Summoning                    9
 l - a book of Necromancy

   Spells                             Type                      Level
   a - Pain                           Necromancy                   1
   b - Animate Skeleton               Necromancy                   1
   c - Vampiric Draining              Necromancy                   3
   d - Regeneration                   Charms/Necromancy            3
   e - Animate Dead                   Necromancy                   4
   f - Control Undead                 Necromancy                   4
 E - a book of Transfigurations

   Spells                             Type                      Level
   a - Irradiate                      Conjuration/Transmutation    5
   b - Statue Form                    Transmutation/Earth          6
   c - Hydra Form                     Transmutation                6
   d - Dragon Form                    Transmutation                7
 N - a book of Debilitation

   Spells                             Type                      Level
   a - Corona                         Hexes                        1
   b - Slow                           Hexes                        2
   c - Gell's Gravitas                Hexes/Translocation          3
   d - Inner Flame                    Hexes/Fire                   3
   e - Cause Fear                     Hexes                        4
   f - Leda's Liquefaction            Hexes/Earth                  4


   Skills:
 + Level 5.1 Fighting
 * Level 12.1 Long Blades
 + Level 4.0 Armour
 + Level 4.4 Dodging
 - Level 1.5 Stealth
 + Level 4.0 Shields
 - Level 6.3 Spellcasting
 - Level 8.0 Necromancy


You had 11 spell levels left.
You knew the following spells:

 Your Spells              Type           Power        Failure   Level  Hunger
a - Vampiric Draining     Necr           #####.....   8%          3    N/A
c - Control Undead        Necr           #####.....   21%         4    N/A
d - Animate Dead          Necr           N/A          21%         4    N/A
e - Pain                  Necr           ####         1%          1    N/A

Dungeon Overview and Level Annotations

Branches:
Dungeon (10/15)            Temple (1/1) D:7            Lair (2/6) D:8
  Swamp (0/4) Lair:2          Orc (1/2) D:10
  Snake: Lair:2-4    Spider: Lair:2-4

Altars:
Ashenzari
Cheibriados
Dithmenos
Elyvilon
Fedhas
Gozag
Hepliaklqana
Kikubaaqudgha
Makhleb
Nemelex Xobeh
Okawaru
Qazlal
Ru
Sif Muna
Trog
Uskayaw
Vehumet
Xom
Yredelemnul
Zin
The Shining One

Shops:
D:8 :   Orc:1 [


Innate Abilities, Weirdness & Mutations

You do not eat or drink.
Your flesh is vulnerable to fire.
You are immune to poison.
Your flesh is cold resistant. (rC+)
You are immune to negative energy. (rN+++)
You are immune to unholy pain and torment.
You can survive without breathing.


Message History

Press: ? - help, Shift-Dir - straight line, f - minotaur
Aim: a minotaur, wielding a lightning rod and wearing a chain mail (heavily wounded)
You miscast Vampiric Draining.
You are very lightly contaminated with residual magic.
Nothing appears to happen.
You feel like a meek peon again.
The minotaur zaps a rod.
The lightning misses you.
Casting: Vampiric Draining
Confirm with . or Enter, or press ? or * to list all spells.
Aiming: Vampiric Draining
Press: ? - help, Shift-Dir - straight line, f/p - minotaur
Aim: a minotaur, wielding a lightning rod and wearing a chain mail (heavily wounded)
The minotaur is severely wounded.
You feel life coursing into your body.
Your hands slow down.
The minotaur hits you with a lightning rod!!
* * * LOW HITPOINT WARNING * * *
The minotaur gores you but does no damage.
The minotaur zaps a rod.
The lightning hits you!
You die...

#.#####.## .
P . ..... # ≈
≈ #.#.#. ##.#
≈♣≈P.. ..#.
.#. .. ≈≈≈P.
#......... #
P.P.
..####### #
.#####
#≈≈≈≈≈#. # #
# . ....
.#≈≈H≈≈# ....
. # .###
.#≈.@.≈#..##
.#
....###.###..
.#. ..
#.#..#.....#
... .. . .
#..###'## ..
# . #
..........# .
. .
#.....#...#.
# # #.#
#.#.### .. .
... ..#.. #
.# ## #.##
##.## . .. ..


You could see a minotaur.

Vanquished Creatures
  A hydra (D:8)
  Erica (Orc:1)
  Nergalle (D:8)
  A hill giant (D:9)
  A deep elf mage (D:9)
  2 black mambas (Lair:2)
  2 spiny frogs (Lair:1)
  9 komodo dragons
  Grinder (D:3)
  3 blink frogs (Lair:1)
  2 hippogriffs
  Sigmund (D:3)
  2 redbacks (Lab)
  10 yaks
  A steam dragon (D:10)
  A hungry ghost (D:9)
  A soldier ant (D:8)
  Menkaure (D:7)
  4 water moccasins
  4 porcupines (Lair:1)
  6 orc warriors
  6 sky beasts
  A black bear (D:6)
  3 necrophages
  10 ogres
  A wasp (D:8)
  2 phantoms
  The ghost of Shenda the Insei, an amateur DsGl (D:3)
  3 crocodiles
  3 centaurs
  4 big kobolds
  4 bullfrogs
  A wyvern skeleton (D:7)
  2 scorpions
  4 killer bees (D:7)
  2 howler monkeys (D:8)
  7 crimson imps
  2 bullfrog zombies
  A centaur zombie (D:6)
  8 hounds
  4 jellies
  10 orc wizards
  3 centaur skeletons
  6 orc priests
  3 bullfrog skeletons
  7 iguanas
  10 worker ants
  A killer bee zombie (D:5)
  A hound skeleton (D:7)
  Robin (D:2)
  10 adders
  13 gnolls
  A howler monkey skeleton (D:4)
  2 river rats (D:8)
  4 shadow imps
  2 oozes
  2 adder skeletons (D:4)
  2 adder zombies
  2 worms
  2 dart slugs
  9 leopard geckos
  57 orcs
  5 giant cockroaches
  25 goblins
  12 hobgoblins
  7 jackals
  25 kobolds
  4 quokkas
  3 ball pythons
  13 bats
  2 frilled lizards
  A leopard gecko skeleton (D:6)
  A quokka skeleton (D:4)
  12 rats
  A fungus (D:8)
383 creatures vanquished.

Vanquished Creatures (others)
  A gnoll (D:6)
  6 fungi (D:8)
  A plant (D:8)
8 creatures vanquished.

Grand Total: 391 creatures vanquished

Notes
Turn   | Place    | Note
-------+----------+-------------------------------------------
     0 | D:1      | Alarkh the Mummy Necromancer began the quest for the Orb.
     0 | D:1      | Reached XP level 1. HP: 13/13 MP: 3/3
   125 | D:1      | Reached XP level 2. HP: 14/19 MP: 0/5
   725 | D:2      | Reached XP level 3. HP: 13/24 MP: 0/6
   732 | D:1      | Learned a level 3 spell: Vampiric Draining
  1058 | D:2      | Noticed Robin
  1219 | D:1      | Reached skill level 5 in Necromancy
  1317 | D:2      | Killed Robin
  1317 | D:2      | Reached XP level 4. HP: 29/30 MP: 0/8
  1355 | D:2      | Learned a level 4 spell: Control Undead
  1614 | D:2      | Reached skill level 1 in Long Blades
  1677 | D:3      | Noticed Sigmund
  2194 | D:3      | Noticed an ogre
  2252 | D:2      | Reached XP level 5. HP: 35/35 MP: 0/9
  2569 | D:2      | Reached skill level 2 in Long Blades
  2667 | D:3      | Noticed Shenda's ghost (amateur DsGl)
  2879 | D:2      | Killed an ogre
  2879 | D:2      | Reached XP level 6. HP: 31/41 MP: 3/11
  3064 | D:3      | Noticed Grinder
  3345 | D:4      | Noticed a hippogriff
  3799 | D:5      | Entered Level 5 of the Dungeon
  3816 | D:5      | Reached skill level 3 in Long Blades
  4442 | D:4      | Killed a hippogriff
  4442 | D:4      | Reached XP level 7. HP: 14/46 MP: 0/13
  4690 | D:4      | Reached skill level 4 in Long Blades
  5506 | D:5      | Found a radiant altar of Vehumet.
  5551 | D:5      | Found a radiant altar of Vehumet.
  5675 | D:5      | Reached XP level 8. HP: 43/52 MP: 12/15
  5981 | D:4      | Reached skill level 5 in Long Blades
  6652 | D:5      | Reached skill level 5 in Spellcasting
  6765 | D:6      | Found an opulent altar of Gozag.
  7274 | D:5      | Got a smoking whip
  7452 | D:4      | Identified the +8 whip of the Pyrrhic Victory {slash, Int+2} (You found it on level 5 of the Dungeon)
  7694 | D:6      | Reached skill level 6 in Long Blades
  8221 | D:6      | Learned a level 4 spell: Animate Dead
  8333 | D:6      | Found an opulent altar of Gozag.
  8717 | D:6      | Reached XP level 9. HP: 46/57 MP: 14/17
  8855 | D:7      | Found a deep blue altar of Sif Muna.
  8958 | D:7      | Found a sacrificial altar of Ru.
  9107 | D:7      | Reached skill level 7 in Long Blades
  9263 | D:7      | Found a staircase to the Ecumenical Temple.
  9270 | Temple   | Entered the Ecumenical Temple
  9401 | Temple   | Became a worshipper of Warmaster Okawaru
  9551 | D:7      | Noticed Menkaure
  9580 | D:7      | Found a burning altar of Makhleb.
  9636 | D:7      | Found a snail-covered altar of Cheibriados.
  9991 | D:7      | Reached skill level 8 in Long Blades
 10133 | D:7      | Killed Menkaure
 10215 | D:7      | Found a hide-covered altar of Uskayaw.
 10215 | D:7      | Found a glowing golden altar of the Shining One.
 10216 | D:7      | Found a shattered altar of Ashenzari.
 10565 | D:3      | Killed Shenda's ghost
 10814 | D:3      | Paralysed by Grinder for 7 turns
 10827 | D:3      | Paralysed by Grinder for 4 turns
 10957 | D:3      | Paralysed by Grinder for 4 turns
 10966 | D:3      | Killed Sigmund
 10966 | D:3      | Reached * piety under Okawaru
 10984 | D:3      | Paralysed by Grinder for 4 turns
 10988 | D:3      | Killed Grinder
 10988 | D:3      | Reached skill level 9 in Long Blades
 11422 | D:3      | Found a blossoming altar of Fedhas.
 11636 | D:5      | Reached XP level 10. HP: 37/63 MP: 19/19
 11907 | D:8      | Noticed a four-headed hydra
 11922 | D:8      | Killed a four-headed hydra
 12171 | D:8      | Reached ** piety under Okawaru
 12209 | D:8      | Found a staircase to the Lair.
 12440 | D:8      | Reached skill level 10 in Long Blades
 12697 | D:8      | Found a hazy altar of Hepliaklqana.
 12795 | D:8      | Found Foahifed's Book Shoppe.
 13486 | D:9      | Reached *** piety under Okawaru
 13493 | D:9      | Found a stormy altar of Qazlal.
 13636 | D:9      | Noticed a hill giant
 13654 | D:9      | Killed a hill giant
 13654 | D:9      | Reached skill level 1 in Fighting
 13654 | D:9      | Reached skill level 1 in Armour
 13654 | D:9      | Reached skill level 1 in Shields
 14095 | D:9      | Noticed a deep elf mage
 14104 | D:9      | Killed a deep elf mage
 14104 | D:9      | Reached skill level 11 in Long Blades
 14251 | D:10     | Entered Level 10 of the Dungeon
 14479 | D:10     | Found a staircase to the Orcish Mines.
 14790 | D:10     | Reached XP level 11. HP: 57/72 MP: 9/20
 14826 | D:10     | Reached **** piety under Okawaru
 15244 | Orc:1    | Entered Level 1 of the Orcish Mines
 15542 | Orc:1    | Found a shimmering altar of Xom.
 15548 | Orc:1    | Noticed Erica
 15573 | Orc:1    | Killed Erica
 15593 | Orc:1    | Found Carurphuh's Antique Armour Shop.
 15608 | Orc:1    | Bought an embroidered cloak for 135 gold pieces
 15608 | Orc:1    | Bought a bloodstained scale mail for 270 gold pieces
 15623 | Orc:1    | Identified the +6 scale mail of Valiance {rF++ rC- Regen+ rCorr} (You bought it in a shop on level 1 of the Orcish Mines)
 15768 | Orc:1    | Noticed an orc high priest
 15981 | Lair:1   | Entered Level 1 of the Lair of Beasts
 16093 | Lair:1   | Reached ***** piety under Okawaru
 16189 | Lair:1   | Noticed Nergalle
 16296 | D:8      | Killed Nergalle
 16296 | D:8      | Received a gift from Okawaru
 16944 | Lair:1   | Found a bloodstained altar of Trog.
 17392 | Lair:2   | Reached XP level 12. HP: 80/84 MP: 21/21
 17445 | Lair:2   | Reached skill level 12 in Long Blades
 17619 | Lair:2   | Reached skill level 5 in Fighting
 17700 | Lair:2   | Found a labyrinth entrance.
 17708 | Lab      | Entered a labyrinth
 17859 | Lab      | Noticed a minotaur
 17871 | Lab      | HP: 1/86 [minotaur/lightning rod (23)]
 17871 | Lab      | Killed from afar by a minotaur

Vault maps used:
D:1:      scummos_arrival_gate
D:2:      uniq_robin
D:3:      fedhas_altar_fruit_tree, serial_glass, glass_columns_a,
          glass_columns_c, minmay_ogre_servants, uniq_grinder, uniq_sigmund
D:4:      minivault_14, minmay_misc_feat_cross, kennysheep_generic_room_8
D:5:      vehumet_crystals, basic_altar, first_bread, minmay_misc_feat_diagonals
D:6:      lemuel_crystal_altar
D:7:      makhleb_blood_cavern_becter, nicolae_ru_great_annihilating_truth,
          lemuel_blue_sif_altar, minitemple, uniq_menkaure
D:8:      lemuel_crystal_altar, due_lair_maze_entry_diamond, serial_shops,
          kennysheep_mini, hangedman_pestilent_swarm
D:9:      lemuel_crystal_altar, guppyfry_early_elven_hall
D:10:     orc_0_dummy
Temple:   dpeg_three_leaves_temple
Lair:1:   beast_lair_carwin_large_2, basic_altar, grunt_megastairs_2,
          uniq_nergalle
Lair:2:   minmay_swamp_entry_reptiles, lab_entry_generic
Orc:1:    serial_shops, shop_fountains, basic_altar, uniq_erica
Lab:      labyrinth_watery, nicolae_lab_big_swirl, nicolae_lab_statue,
          nicolae_lab_plus, nicolae_lab_dead_end, nicolae_lab_lava,
          nicolae_lab_garden

Skill      XL: |  1  2  3  4  5  6  7  8  9 10 11 12 |
---------------+-------------------------------------+-----
Necromancy     | 5 6 7 8 |  8.0
Spellcasting   | 3 4 5 6 |  6.3
Long Blades    | 1 2 3 4 6 9 11 12 | 12.1
Fighting       | 2 4 5 |  5.1
Armour         | 1 3 4 |  4.0
Dodging        | 2 4 |  4.4
Shields        | 1 3 4 |  4.0
Stealth        | |  1.5

Action                   |  1- 3 |  4- 6 |  7- 9 | 10-12 || total
-------------------------+-------+-------+-------+-------++-------
Melee: Dagger            |    16 |       |       |       ||    16
       Unarmed           |     6 |       |       |       ||     6
       Short sword       |     4 |     5 |       |       ||     9
       Falchion          |       |    91 |   429 |   266 ||   786
       Whip              |       |       |     4 |       ||     4
       Long sword        |       |       |       |   278 ||   278
       Scimitar          |       |       |       |   344 ||   344
       Punch             |       |       |       |     1 ||     1
 Cast: Pain              |    74 |    85 |   271 |   148 ||   578
       Vampiric Draining |       |     1 |    33 |   124 ||   158
       Control Undead    |       |       |     4 |       ||     4
Invok: Heroism           |       |       |       |    10 ||    10
       Finesse           |       |       |       |     1 ||     1
Evoke: Wand              |       |       |     6 |    10 ||    16
  Use: Scroll            |     2 |     7 |     6 |    14 ||    29
 Stab: Sleeping          |       |     4 |       |     6 ||    10
       Paralysed         |       |       |     1 |       ||     1
Armor: Robe              |     6 |    22 |     9 |       ||    37
       Ring mail         |       |       |   137 |   215 ||   352
       Scale mail        |       |       |       |   174 ||   174
Dodge: Dodged            |    35 |    95 |   217 |   395 ||   742
